 Dungeon Crawl Stone Soup version 0.31.0-9-g3a7656b989 (webtiles) character file.

Game seed: 7303714435221058923

106 qw the Shooter (level 4, -3/22 HPs)
             Began as a Spriggan Hunter on Feb 3, 2024.
             Killed from afar by Ijyb (7 damage)
             ... with a puff of flame
             ... on level 3 of the Dungeon.
             The game lasted 00:00:33 (1634 turns).

qw the Shooter (Spriggan Hunter)                    Turns: 1634, Time: 00:00:34

Health: -3/22      AC:  2    Str:  5 (7)  XL:     4   Next: 55%
Magic:  5/5        EV: 20    Int:  9 (10) God:
Gold:   149        SH:  0    Dex: 20      Spells: 3/3 levels left

rFire   . . .        a - +0 shortbow
rCold   . . .        (shield currently unavailable)
rNeg    . . .        c - +0 robe
rPois   .            (helmet restricted)
rElec   .            (no cloak)
rCorr   .            (gloves unavailable)
SInv    +            (boots unavailable)
Will    .....        (no amulet)
Stlth   ++           (no ring)
HPRegen 0.23/turn    (no ring)
MPRegen 0.09/turn

%: no passive effects
@: very quick
A: very small, no large weapons, unfitting armour, see invisible, speed 3
a: no special abilities


You were on level 3 of the Dungeon.
You visited 1 branch of the dungeon, and saw 3 of its levels.

You collected 149 gold pieces.


Innate Abilities, Weirdness & Mutations

You are very small and have problems with some larger weapons.
You are too small for most types of armour.
You have supernaturally acute eyesight. (SInv)
You cover ground extremely quickly. (Speed+++)


   Skills:
 - Level 1.5 Fighting
 - Level 5.2 Ranged Weapons
 + Level 4.6 Dodging
 - Level 1.5 Stealth


You had 3 spell levels left.
You didn't know any spells.
Your spell library was empty.

Inventory:

Hand Weapons
 a - a +0 shortbow (weapon)
Armour
 c - a +0 robe (worn)
Jewellery
 f - an amulet of guardian spirit
Scrolls
 b - a scroll of revelation {unknown}
 e - a scroll of noise {unknown}
Potions
 d - 2 potions of haste
 g - a potion of heal wounds {unknown}

Dungeon Overview and Level Annotations

Branches:
Dungeon (3/15)

Altars:

Annotations:
D:3 Ijyb


Message History

1614 ||| FLEEEEING.
Ijyb screams, "No!
No, no, no, no!"
Ijyb zaps a wand.
The puff of flame hits you!
1615 ||| FLEEEEING.
You start resting.
Ijyb is nearby!
1617 ||| FLEEEEING.
1618 ||| FLEEEEING.
You start resting.
Ijyb is nearby!
1620 ||| FLEEEEING.
You start resting.
Ijyb is nearby!
You shoot an arrow. The arrow hits Ijyb.
Ijyb is heavily wounded.
Ijyb zaps a wand.
The puff of flame misses you.
You shoot an arrow. The arrow hits Ijyb but does no damage.
Ijyb is heavily wounded.
Ijyb zaps a wand.
The puff of flame hits you! Ijyb screams, "I cut your head off!"
You shoot an arrow. The arrow hits Ijyb but does no damage.
Ijyb is heavily wounded.
You shoot an arrow. The arrow hits Ijyb but does no damage.
Ijyb is heavily wounded.
Ijyb zaps a wand.
The puff of flame misses you.
You shoot an arrow. The arrow barely misses Ijyb.
Ijyb completely misses you.
You shoot an arrow. The arrow hits Ijyb.
Ijyb is heavily wounded.
Ijyb hits you but does no damage.
You shoot an arrow. The arrow hits Ijyb.
Ijyb is severely wounded.
Ijyb misses you.
You shoot an arrow. The arrow hits Ijyb but does no damage.
Ijyb is severely wounded.
Ijyb closely misses you.
You shoot an arrow. The arrow hits Ijyb but does no damage.
Ijyb is severely wounded.
Ijyb zaps a wand.
The puff of flame hits you!
You die...

#.......g# w #######
##.......#
...##......
##...g..#
###....(.#####
#......+
....<......%..
##.....# #...#
#...... ###.###
#...# ####.## ####.#
#.(.# #...
#....#####...# ###.
#....g@..#...# #.
#........')### #.
#........#.# #.
#..|.#####.##### ##
#....# #)#...#
#....# #.#.#.# ##
######
#.#.#.#######.
#.#.#.........
#######'#...........


You could see Ijyb.

Vanquished Creatures
  A bombardier beetle (D:3)
  An adder (D:2)
  A ribbon worm (D:2)
  2 dart slugs
  13 orcs
  3 ball pythons (D:1)
  4 endoplasms
  5 giant cockroaches
  2 hobgoblins (D:1)
  A quokka (D:2)
  4 bats
  A frilled lizard (D:3)
  5 kobolds
  3 rats (D:1)
46 creatures vanquished.

Notes
Turn   | Place    | Note
-------+----------+-------------------------------------------
     0 | D:1      | qw the Spriggan Hunter began the quest for the Orb.
     0 | D:1      | Reached XP level 1. HP: 10/10 MP: 2/2
     0 | D:1      | 0 ||| qw: Version: 0.3-a-155-g5e7d8dd
     0 | D:1      | 0 ||| qw: Game counter: 2934
     0 | D:1      | 0 ||| qw: Melee chars always use a shield: true
     0 | D:1      | 0 ||| qw: God list: Okawaru
     0 | D:1      | 0 ||| qw: Allow faded altars: false
     0 | D:1      | 0 ||| qw: Do Orc after clearing Dungeon:15 true
     0 | D:1      | 0 ||| qw: Do second Lair branch before Depths: true
     0 | D:1      | 0 ||| qw: Lair rune preference: random
     0 | D:1      | 0 ||| qw: Goals: Normal
     0 | D:1      | 0 ||| PLANNING D:1-11
    40 | D:1      | Reached skill level 3 in Dodging
   100 | D:1      | Reached XP level 2. HP: 14/14 MP: 3/3
   447 | D:1      | 447 ||| READING scroll labelled OLIUBAPP LEIVU.
   452 | D:1      | 452 ||| READING scroll labelled OTHROLO YBBYZE.
   553 | D:1      | 553 ||| READING scroll labelled JIKHEI HIRYUM.
   554 | D:1      | 554 ||| READING scroll labelled DOYRI XIEFEINU.
   555 | D:1      | 555 ||| DROPPING scroll of butterflies.
   695 | D:2      | 695 ||| RETREEEEATING.
   708 | D:2      | Reached XP level 3. HP: 10/18 MP: 4/4
  1148 | D:2      | 1148 ||| READING 2 scrolls labelled XEWADE DOUCWE.
  1148 | D:2      | 1148 ||| IDENTIFYING sapphire potion
  1149 | D:2      | 1149 ||| READING scroll of identify.
  1149 | D:2      | 1149 ||| IDENTIFYING fizzy golden potion
  1150 | D:2      | 1150 ||| DRINKING 2 pink potions.
  1151 | D:2      | 1151 ||| DROPPING potion of attraction.
  1152 | D:2      | 1152 ||| DROPPING potion of degeneration.
  1190 | D:3      | Reached skill level 5 in Ranged Weapons
  1190 | D:3      | Reached XP level 4. HP: 22/22 MP: 5/5
  1196 | D:3      | 1196 ||| FLEEEEING.
  1199 | D:3      | 1199 ||| FLEEEEING.
  1201 | D:3      | 1201 ||| FLEEEEING.
  1203 | D:3      | 1203 ||| FLEEEEING.
  1205 | D:3      | 1205 ||| STAIRDANCE
  1383 | D:3      | 1383 ||| FLEEEEING.
  1606 | D:3      | Noticed Ijyb
  1609 | D:3      | 1609 ||| FLEEEEING.
  1610 | D:3      | 1610 ||| FLEEEEING.
  1612 | D:3      | 1612 ||| FLEEEEING.
  1613 | D:3      | 1613 ||| FLEEEEING.
  1614 | D:3      | 1614 ||| FLEEEEING.
  1615 | D:3      | 1615 ||| FLEEEEING.
  1617 | D:3      | 1617 ||| FLEEEEING.
  1618 | D:3      | 1618 ||| FLEEEEING.
  1620 | D:3      | 1620 ||| FLEEEEING.
  1627 | D:3      | HP: 2/22 [Ijyb/puff of flame (10)]
  1634 | D:3      | Killed from afar by Ijyb

Levels and vault maps discovered:
D:1:      amcnicky_arrival_blooded_trapdoor, layout_basic
D:2:      layout_loops_cross, grunt_ministairs_1, minmay_misc_feat_room
D:3:      layout_basic, nicolae_eternal_life, uniq_ijyb

Skill      XL: |  1  2  3 |
---------------+----------+-----
Dodging        | 3 4 |  4.6
Ranged Weapons | 5 |  5.2
Fighting       | |  1.5
Stealth        | |  1.5

Action                     |  1- 3 |  4- 6 || total
---------------------------+-------+-------++-------
   Fire: Shortbow          |    87 |    51 ||   138
    Use: Scroll            |     6 |       ||     6
         Potion            |     1 |       ||     1
 Armour: Robe              |     8 |     7 ||    15
  Dodge: Dodged            |    14 |    11 ||    25

Table legend:
 A = Non-vault XP
 B = Vault XP
 C = Vault XP percentage of total XP
 D = Non-vault monster count
 E = Vault monster count
 F = Vault count percentage of total count
                 A         B        C        D         E       F
            +---------+---------+-------+---------+---------+-------
      Total |     127 |      25 |  16.4 |      41 |       5 |  10.9
            +---------+---------+-------+---------+---------+-------
        D:1 |      23 |       0 |   0.0 |      15 |       0 |   0.0
        D:2 |      21 |      25 |  54.3 |       9 |       5 |  35.7
        D:3 |      83 |       0 |   0.0 |      17 |       0 |   0.0
            +---------+---------+-------+---------+---------+-------
